 Dungeon Crawl Stone Soup version 0.17.0-18-gaab0e96 (webtiles) character file.

703 JudasIscariot the Ducker (level 7, -5/44 HPs)
             Began as a Kobold Abyssal Knight on Nov 11, 2015.
             Was a Priest of Lugonu.
             Slain by a wyvern (13 damage)
             ... on level 4 of the Dungeon.
             The game lasted 00:12:48 (4836 turns).

JudasIscariot the Ducker (Kobold Abyssal Knight)    Turns: 4836, Time: 00:12:48

Health: -5/44      AC:  5    Str: 10    XL:     7   Next: 99%
Magic:  1/10       EV: 18    Int: 10    God:    Lugonu [***...]
Gold:   240        SH:  0    Dex: 18    Spells: 0 memorised, 6 levels left

rFire  . . .     SeeInvis .     a - +1 short sword
rCold  . . .     Clarity  .     b - +0 leather armour
rNeg   . . .     SustAt   .     (shield restricted)
rPois  .         Gourm    .     o - +1 helmet
rElec  .         Spirit   .     (no cloak)
rCorr  .         Warding  .     (no gloves)
rMut   .         Stasis   .     (no boots)
MR     .....                    (no amulet)
Stlth  +++.......               (no ring)
                                (no ring)

@: not resistant to hostile enchantments, fairly stealthy
A: carnivore 3
a: Depart the Abyss, Bend Space, Banish, Renounce Religion


You were on level 4 of the Dungeon.
You worshipped Lugonu.
Lugonu was most pleased with you.
You were very full.

You visited 1 branch of the dungeon, and saw 4 of its levels.
You visited the Abyss 1 time.

You collected 240 gold pieces.

Inventory:

Hand Weapons
 a - a +1 short sword (weapon)
Armour
 b - a +0 leather armour (worn)
 o - a +1 helmet (worn)
Jewellery
 q - an uncursed ring of ice {unknown}
Wands
 k - a wand of polymorph (8)
 t - a wand of fire (8)
Scrolls
 d - a scroll of random uselessness {unknown}
 j - a scroll of fog {unknown}
 n - 3 scrolls of remove curse {unknown}
 p - a scroll of magic mapping {unknown}
 r - a scroll of immolation {unknown}
 s - a scroll of teleportation {unknown}
Potions
 m - a potion of heal wounds {unknown}
 u - a potion of agility {unknown}
Comestibles
 c - 5 meat rations
 f - 2 chunks of flesh
 h - a beef jerky
 l - 2 slices of pizza


   Skills:
 + Level 5.1 Fighting
 + Level 4.7 Short Blades
 - Level 0.7 Armour
 + Level 5.5 Dodging
 * Level 5.4 Stealth
 * Level 4.0 Invocations


You had 6 spell levels left.
You didn't know any spells.

Dungeon Overview and Level Annotations

Branches:
Dungeon (4/15)             Temple (0/1) D:4

Altars:
Kikubaaqudgha
Trog

Annotations:
Abyss:1 Pikel


Innate Abilities, Weirdness & Mutations

You are small and have problems with some larger weapons.
You are carnivorous and can eat meat at any time.


Message History

Pikel freezes you.
* * * LOW HITPOINT WARNING * * *
Okay, then.
Press: ? - help, Shift-Dir - straight line, f/p - Pikel
Aim: Pikel, wielding a whip of freezing and wearing a robe (moderately wounded, chance to defeat MR: 69%)
You fail to use your ability.
Pikel says, "I'm sure the Orcish Mines are around here somewhere..."
Pikel misses you.
Press: ? - help, Shift-Dir - straight line, f/p - Pikel
Aim: Pikel, wielding a whip of freezing and wearing a robe (moderately wounded, chance to defeat MR: 69%) Pikel is devoured by a tear in reality.
Lugonu claims a new guest.
Your Fighting skill increases to level 5!
Your Dodging skill increases to level 5!
Your Stealth skill increases to level 5!
Your Invocations skill increases to level 4!
You feel somewhat less full.
With Pikel's spell broken, the former slaves thank you for their freedom.
The wyvern bites you!
You die...

#.##.##.# ##.....## #
#.##.##.# ##...##
#....p..# ##'##
####.#### #.# #p# #.#
####### #p#
##.###...... #ยง#
##...##.###.#
#.#######.....#.# #.#
#...@l.###...##.###.#
######..............#
######.###.##### #.#
#...... #.# #######
#.# #.# ... ###


You could see a wyvern.

Vanquished Creatures
  A centaur (D:4)
  An orc priest (D:3)
  An orc wizard (D:4)
  Natasha (twice) (D:4)
  A worker ant (D:4)
  10 adders
  A shadow imp (D:2)
  An ooze (D:1)
  2 worms
  3 giant geckos
  13 orcs
  9 bats
  7 giant cockroaches
  4 goblins
  3 hobgoblins
  9 kobolds
  3 quokkas
  3 giant newts
  3 jackals (D:3)
  21 rats
98 creatures vanquished.

Vanquished Creatures (others)
  A bat (D:3)
1 creature vanquished.

Grand Total: 99 creatures vanquished

Notes
Turn   | Place    | Note
--------------------------------------------------------------
     0 | Abyss:1  | JudasIscariot the Kobold Abyssal Knight began the quest for the Orb.
     0 | Abyss:1  | Reached XP level 1. HP: 14/14 MP: 2/2
    19 | D:1      | Escaped the Abyss
   309 | D:1      | Reached XP level 2. HP: 19/19 MP: 3/3
   312 | D:1      | Reached skill level 1 in Stealth
   732 | D:1      | Reached XP level 3. HP: 22/24 MP: 4/4
   982 | D:2      | Reached skill level 4 in Fighting
  1203 | D:2      | Reached ** piety under Lugonu
  1233 | D:2      | Reached XP level 4. HP: 22/29 MP: 5/5
  1523 | D:2      | Found a faded altar to an unknown god.
  1717 | D:2      | Found an ancient bone altar of Kikubaaqudgha.
  1717 | D:2      | Found a bloodstained altar of Trog.
  1968 | D:2      | Reached XP level 5. HP: 31/33 MP: 6/6
  2202 | D:3      | Reached *** piety under Lugonu
  2999 | D:3      | Reached XP level 6. HP: 24/39 MP: 8/8
  3507 | D:4      | Noticed Natasha
  3515 | D:4      | Killed Natasha
  3667 | D:4      | Found a staircase to the Ecumenical Temple.
  4429 | D:4      | Reached XP level 7. HP: 16/44 MP: 9/9
  4519 | D:4      | Noticed Natasha
  4629 | D:4      | Noticed a wyvern
  4631 | D:4      | Noticed a slave
  4659 | D:4      | Killed Natasha
  4737 | D:4      | Noticed a slave
  4755 | D:4      | Noticed a slave
  4755 | D:4      | Noticed a slave
  4756 | D:4      | Noticed Pikel
  4832 | D:4      | Banished Pikel
  4832 | D:4      | Reached skill level 5 in Fighting
  4832 | D:4      | Reached skill level 5 in Dodging
  4832 | D:4      | Reached skill level 5 in Stealth
  4836 | D:4      | Slain by a wyvern

Action                   |  1- 3 |  4- 6 |  7- 9 || total
-------------------------+-------+-------+-------++-------
Melee: Short sword       |    91 |   362 |    60 ||   513
Invok: Banish            |       |       |     3 ||     3
  Use: Potion            |       |     5 |     1 ||     6
 Stab: Sleeping          |     4 |    10 |       ||    14
  Eat: Chunk             |     9 |    11 |     1 ||    21
